 Dungeon Crawl Stone Soup version 0.26-a0-661-g406de6ba63 (webtiles) character file.

Game seed: 6145922713074284134

567 lunkers the Covert (level 7, -20/41 HPs)
             Began as a Kobold Delver on Oct 8, 2020.
             Was an Initiate of Gozag.
             Demolished by an ogre
             ... wielding a cursed -2 giant club
              (26 damage)
             ... on level 4 of the Dungeon.
             The game lasted 00:07:32 (5195 turns).

lunkers the Covert (Kobold Delver)                  Turns: 5195, Time: 00:07:33

Health: -20/41     AC:  4    Str: 10    XL:     7   Next: 59%
Magic:  7/7        EV: 15    Int: 11    God:    Gozag
Gold:   314        SH:  5    Dex: 18    Spells: 6/6 levels left

rFire    . . .     SeeInvis .   a - +0 short sword
rCold    + . .     Faith    .   (shield restricted)
rNeg     . . .     Spirit   .   w - +2 robe {rC+}
rPois    .         Reflect  +   (no helmet)
rElec    .         Harm     .   (no cloak)
rCorr    .         Rampage  .   (no gloves)
MR       .....                  (no boots)
Stlth    ++++++....             l - amulet of reflection
HPRegen  0.13/turn              (no ring)
MPRegen  0.10/turn              (no ring)

@: no status effects
A: small, nightstalker 3
a: Potion Petition, Call Merchant, Bribe Branch, Renounce Religion


You were on level 4 of the Dungeon.
You worshipped Gozag.
Gozag was aware of your devotion.
You visited 1 branch of the dungeon, and saw 5 of its levels.

You collected 400 gold pieces.
You paid 86 gold pieces to Gozag.

Inventory:

Hand Weapons
 a - a +0 short sword (weapon)
Armour
 b - a +0 leather armour
 s - a cursed +0 robe
 w - a +2 robe of cold resistance (worn)
Jewellery
 l - an amulet of reflection (around neck)
 p - an uncursed ring of fire
Wands
 g - a wand of digging (7)
Scrolls
 c - 3 scrolls of fog
 d - a scroll of magic mapping
 e - a scroll of fear
 i - a scroll of enchant armour
 j - a scroll of remove curse {unknown}
 n - a scroll of amnesia {unknown}
 q - 2 scrolls of teleportation {unknown}
 t - a scroll of identify {unknown}
Potions
 f - a potion of haste
 h - 4 potions of curing {unknown}
 k - a potion of mutation {unknown}
 m - 3 potions of degeneration {unknown}
 o - a potion of heal wounds {unknown}
 r - a potion of lignification {unknown}
 u - a potion of invisibility {unknown}
 v - a potion of magic {unknown}
 x - a potion of ambrosia {unknown}


   Skills:
 - Level 3.2 Fighting
 + Level 7.5 Short Blades
 - Level 2.4 Dodging
 + Level 10.1 Stealth


You had 6 spell levels left.
You didn't know any spells.
Your spell library was empty.

Dungeon Overview and Level Annotations

Branches:
Dungeon (5/15)
 Temple: D:4-7

Altars:
Ashenzari
Gozag
Hepliaklqana
Qazlal
Ru
Vehumet
Yredelemnul


Innate Abilities, Weirdness & Mutations

You are small and have problems with some larger weapons.
You are completely attuned to the shadows.


Message History

Your attack snaps the ogre out of its fear.
The ogre is heavily wounded.
The ogre barely misses you.
You hit the ogre.
The ogre is heavily wounded.
The ogre closely misses you.
You hit the ogre but do no damage.
The ogre is heavily wounded.
You hit the ogre but do no damage.
The ogre is heavily wounded.
The ogre hits you with a cursed -2 giant club.
* * * LOW HITPOINT WARNING * * *
You hit the ogre but do no damage.
The ogre is heavily wounded.
You hit the ogre but do no damage.
The ogre is heavily wounded.
The ogre hits you with a cursed -2 giant club!!
Ouch! That really hurt!
You die...
Your body crumbles into a pile of gold.

#.##..........#
####.......#####.#
...........# #.#
≈##≈≈.≈≈##.# #.#
.##≈≈)≈≈##.#####.#####
.≈≈.....≈≈.#......>..#
.≈≈.....≈≈.#..##.##..#
.≈≈.....≈≈....##O##..#
≈≈≈.....≈≈....##@##..#
.≈≈.....≈≈.#..##..#..#
.##≈≈≈≈≈##.#.>###.#..#
.##≈≈≈≈≈##.#.........#
............#........#
..+.........'........#
###...>.[...#.##...#.#
##.......##.###..#.#
##.....###.# ##.#.#


You could see an ogre.

Vanquished Creatures
  Sigmund (D:5)
  An ogre (D:5)
  A jelly (D:5)
  2 hounds (D:4)
  A worker ant (D:5)
  A gnoll (D:1)
  7 adders
  A white imp (D:5)
  An ufetubus (D:5)
  An ooze (D:1)
  3 worms
  A dart slug (D:1)
  5 leopard geckos
  3 orcs
  3 ball pythons
  4 giant cockroaches
  8 goblins
  6 hobgoblins
  16 jackals
  5 kobolds
  4 quokkas
  9 bats
  5 frilled lizards
  15 rats
104 creatures vanquished.

Vanquished Creatures (others)
  6 plants (D:5)
6 creatures vanquished.

Grand Total: 110 creatures vanquished

Notes
Turn   | Place    | Note
-------+----------+-------------------------------------------
     0 | D:5      | lunkers the Kobold Delver began the quest for the Orb.
     0 | D:5      | Reached XP level 1. HP: 14/14 MP: 1/1
    94 | D:5      | Noticed a hound
   125 | D:5      | Noticed an iguana
   400 | D:4      | Noticed a hound
   403 | D:4      | Killed a hound
   403 | D:4      | Reached skill level 7 in Stealth
   403 | D:4      | Reached XP level 2. HP: 19/19 MP: 2/2
   403 | D:4      | Reached XP level 3. HP: 23/23 MP: 3/3
   742 | D:2      | Found a radiant altar of Vehumet.
   795 | D:1      | Reached XP level 4. HP: 28/28 MP: 4/4
  1470 | D:1      | Reached skill level 8 in Stealth
  1525 | D:1      | Reached XP level 5. HP: 32/32 MP: 5/5
  1883 | D:2      | Reached skill level 5 in Short Blades
  2144 | D:2      | Found a basalt altar of Yredelemnul.
  3101 | D:3      | Found a broken altar of Ashenzari.
  3101 | D:3      | Found a stormy altar of Qazlal.
  3104 | D:3      | Found an opulent altar of Gozag.
  3107 | D:3      | Found a hazy altar of Hepliaklqana.
  3113 | D:3      | Found a sacrificial altar of Ru.
  3148 | D:3      | Became a worshipper of Gozag Ym Sagoz the Greedy
  3292 | D:3      | Reached XP level 6. HP: 37/37 MP: 6/6
  4676 | D:5      | Reached skill level 9 in Stealth
  4718 | D:5      | Noticed Sigmund
  4722 | D:5      | Killed Sigmund
  4722 | D:5      | Reached XP level 7. HP: 41/41 MP: 7/7
  4742 | D:5      | Reached skill level 10 in Stealth
  5195 | D:4      | Demolished by an ogre

Illustrated notes

Levels and vault maps discovered:
D:1:      heliophobic_arrival_battle_scene, layout_loops_cross
D:2:      layout_loops_ring, marbit_many_paths, vehumet_crystals,
          chequers_jeans, minmay_split_cup_large
D:3:      layout_loops_corners, grunt_temple_overflow_open
D:4:      layout_loops_corners, cheibrodos_sewer_entry_sluice
D:5:      corexii_shack_village, layout_basic, basic_altar, solitary_fountain,
          grunt_ministairs_3, uniq_edmund, uniq_sigmund

Skill      XL: |  1  2  3  4  5  6  7 |
---------------+----------------------+-----
Short Blades   | 3 4 5 7 |  7.5
Stealth        | 7 8 9 10 | 10.1
Fighting       | |  3.2
Dodging        | |  2.4

Action                   |  1- 3 |  4- 6 |  7- 9 || total
-------------------------+-------+-------+-------++-------
Melee: Short sword       |    21 |   255 |    42 ||   318
  Use: Scroll            |       |       |     3 ||     3
 Stab: Sleeping          |     8 |    51 |     3 ||    62
Armor: Leather armour    |     3 |    33 |       ||    36
       Robe              |       |       |     3 ||     3
Dodge: Dodged            |     9 |   148 |    23 ||   180
Block: Other             |       |     7 |     4 ||    11

Table legend: (Time is in decaauts)
 A = Elapsed time spent in this place.
 B = Non-inter-level travel time spent in this place.
 C = Inter-level travel time spent in this place.
 D = Time resting spent in this place.
 E = Time spent auto-exploring this place.
 F = Levels seen in this place.
 G = Mean time per level.
                   A        B        C        D        E       F      G
               +--------+--------+--------+--------+--------+-----+--------+
         Total |   5151 |   4958 |    193 |    466 |   3461 |   5 | 1030.2 |
       Dungeon |   5151 |   4958 |    193 |    466 |   3461 |   5 | 1030.2 |
               +--------+--------+--------+--------+--------+-----+--------+

Top non-repeatable levels by time:
     D:4: 1643 daAuts
     D:2: 1186 daAuts
     D:3: 1087 daAuts
     D:1: 895 daAuts
     D:5: 339 daAuts
